 Dungeon Sprint DCSS version 0.26-a0-1021-gda264ca44c (webtiles) character file.

Game seed: 14011965943546284107

1276 sahdkjhfkaj the Fighter (level 8, -9/65 HPs)
             Began as an Octopode Hedge Wizard on Dec 8, 2020.
             Was a Follower of Nemelex Xobeh.
             Mangled by an orc knight
             ... wielding a +0 great sword
              (32 damage)
             ... in the Dungeon (Sprint VII: "The Pits").
             The game lasted 00:08:35 (2390 turns).

sahdkjhfkaj the Fighter (Octopode Hedge Wizard)     Turns: 2390, Time: 00:08:36

Health: -9/65      AC:  1    Str: 10    XL:     8   Next: 54%
Magic:  14/18      EV: 16    Int: 18    God:    Nemelex Xobeh [*.....]
Gold:   0          SH:  0    Dex: 11    Spells: 10/21 levels left

rFire    . . .     SeeInvis .   a - +0 long sword (flame)
rCold    . . .     Faith    .   (no shield)
rNeg     . . .     Spirit   .   b - +0 hat
rPois    .         Reflect  .   (no amulet)
rElec    .         Harm     .   (no ring)
rCorr    .         Rampage  .   (no ring)
Will     .....     NoTele   +   (no ring)
Stlth    ++++......             (no ring)
HPRegen  0.20/turn              (no ring)
MPRegen  0.16/turn              (no ring)
                                (no ring)
                                (no ring)

@: no status effects
A: almost no armour, stealthy swim, amphibious, 8 rings, constrict 8, camouflage
1, gelatinous body 1
a: Draw Escape, Draw Destruction, Draw Summoning, Renounce Religion


You were in the Dungeon.
You worshipped Nemelex Xobeh.
Nemelex Xobeh was aware of your devotion.
You visited 1 branch

Inventory:

Hand Weapons
 a - a +0 long sword of flaming (weapon)
Armour
 b - a +0 hat (worn)
Scrolls
 i - a scroll of blinking
 j - 3 scrolls of remove curse
 k - 5 scrolls of amnesia
Potions
 c - 2 potions of invisibility
 d - 6 potions of curing
 e - a potion of heal wounds
 f - a potion of haste
 g - 4 potions of magic
 h - 2 potions of berserk rage


   Skills:
 + Level 10.5 Fighting
 - Level 7.3 Dodging
 - Level 5.0 Stealth
 - Level 7.0 Spellcasting
 - Level 4.0 Conjurations
 - Level 2.2 Summonings
 - Level 2.0 Translocations
 - Level 2.0 Fire Magic
 - Level 5.0 Air Magic
 - Level 2.1 Poison Magic
 - Level 8.8 Invocations


You had 10 spell levels left.
You knew the following spells:

 Your Spells              Type           Power        Failure   Level
a - Magic Dart            Conj           ###.         1%          1
b - Blink                 Tloc           N/A          7%          2
c - Conjure Flame         Conj/Fire      ###.....     10%         3
d - Mephitic Cloud        Conj/Pois/Air  ###.....     7%          3
w - Call Imp              Summ           ##......     7%          2

Your spell library contained the following spells:

 Spells                   Type           Power        Failure   Level
 Slow                     Hex            #.......     16%         2


Dungeon Overview and Level Annotations

Branches:
Dungeon (1/1)

Altars:
Ashenzari
Cheibriados
Dithmenos
Elyvilon
Fedhas
Gozag
Hepliaklqana
Kikubaaqudgha
Makhleb
Nemelex Xobeh
Okawaru
Qazlal
Ru
Sif Muna
Trog
Uskayaw
Vehumet
Wu Jian
Xom
Yredelemnul
Zin
The Shining One
Beogh
Jiyva
Lugonu


Innate Abilities, Weirdness & Mutations

You cannot wear most types of armour.
You are very stealthy in the water. (Stealth+)
You are amphibious.
You can wear up to eight rings at the same time.
You can use your tentacles to constrict eight enemies at once.
Your skin changes colour to match your surroundings (Stealth+).
Your rubbery body absorbs attacks. (AC +1, EV +1)


Message History

The ball explodes into a vile cloud!
The stinking cloud engulfs the orc knight but does no damage.
The orc knight is heavily wounded.
The stinking cloud engulfs the warg but does no damage.
The warg is severely wounded.
The orc knight is engulfed in noxious fumes.
Unknown command.
Unknown command.
The orc knight is engulfed in noxious fumes.
You hit the orc knight but do no damage.
Your grab misses the orc knight.
The orc knight is heavily wounded.
The orc knight hits you with a +0 great sword!!
The orc knight hits you with a +0 great sword.
You closely miss the orc knight. You grab the orc knight.
The orc knight is heavily wounded.
You constrict the orc knight, but do no damage.
The orc knight hits you with a +0 great sword!!
You die...
Your body disappears without a glow.

#_________.#
#_________.#
#_______...#######
##########'##.....
#.?(.')))'.##.....
##########)##.....
#..)........')....
#'#####'#####))...
#@#..#...'.##.....
#o#..#...#.#####'#
#h#..#####.##.....
#.#..'...#.##.....
#)#..'..†'.##.....
#.#..########...<.
#.#..'[))).##.....
#)#†.#[))).##.....
#'###########.....


You could see an orc knight and a warg.

Vanquished Creatures
  Maurice (D)
  A flying skull (D)
  A redback (D)
  A water moccasin (D)
  2 floating eyes (D)
  An orc warrior (D)
  A centaur (D)
  A gnoll sergeant (D)
  A scorpion (D)
  2 wights (D)
  An iron imp (D)
  A worker ant (D)
  A mummy (D)
  5 gnolls (D)
  An adder (D)
  2 oozes (D)
  An orc (D)
  2 goblins (D)
  2 jackals (D)
  A quokka skeleton (D)
  A quokka zombie (D)
30 creatures vanquished.

Vanquished Creatures (collateral kills)
  An orc warrior (D)
  An ooze (D)
  An orc (D)
3 creatures vanquished.

Grand Total: 33 creatures vanquished

Notes
Turn   | Place    | Note
-------+----------+-------------------------------------------
     0 | D        | sahdkjhfkaj the Octopode Hedge Wizard began the quest for
                  | the Orb.
     0 | D        | Reached XP level 1. HP: 11/11 MP: 4/4
    13 | D        | Noticed a floating eye
    17 | D        | Paralysed by a floating eye for 4 turns
    21 | D        | Killed a floating eye
    22 | D        | Reached skill level 2 in Fighting
    22 | D        | Reached skill level 1 in Fire Magic
    22 | D        | Reached skill level 3 in Fighting
    22 | D        | Reached skill level 5 in Stealth
    22 | D        | Reached XP level 2. HP: 22/22 MP: 4/6
    22 | D        | Reached XP level 3. HP: 27/27 MP: 5/8
    22 | D        | Reached XP level 4. HP: 33/33 MP: 5/9
    61 | D        | Found a bloodstained altar of Trog.
    61 | D        | Found a shimmering blue altar of Sif Muna.
    61 | D        | Found a viscous altar of Jiyva.
    61 | D        | Found a hazy altar of Hepliaklqana.
    61 | D        | Found an opulent altar of Gozag.
    62 | D        | Found a glowing golden altar of the Shining One.
    62 | D        | Found a glowing silver altar of Zin.
    62 | D        | Found a basalt altar of Yredelemnul.
    62 | D        | Found a shimmering altar of Xom.
    62 | D        | Found an ornate altar of the Wu Jian Council.
    62 | D        | Found a sacrificial altar of Ru.
    62 | D        | Found a stormy altar of Qazlal.
    62 | D        | Found an iron altar of Okawaru.
    62 | D        | Found a sparkling altar of Nemelex Xobeh.
    62 | D        | Found a burning altar of Makhleb.
    62 | D        | Found a blossoming altar of Fedhas.
    62 | D        | Found a white marble altar of Elyvilon.
    62 | D        | Found a shadowy altar of Dithmenos.
    62 | D        | Found a snail-covered altar of Cheibriados.
    63 | D        | Found a radiant altar of Vehumet.
    63 | D        | Found a corrupted altar of Lugonu.
    63 | D        | Found a roughly hewn altar of Beogh.
    64 | D        | Found an ancient bone altar of Kikubaaqudgha.
    64 | D        | Found a hide-covered altar of Uskayaw.
    64 | D        | Found a broken altar of Ashenzari.
    69 | D        | Became a worshipper of Nemelex Xobeh the Trickster
   106 | D        | Learned a level 2 spell: Call Imp
   109 | D        | Learned a level 2 spell: Blink
   113 | D        | Learned a level 3 spell: Conjure Flame
   122 | D        | Reached skill level 4 in Fighting
   180 | D        | Reached skill level 1 in Invocations
   180 | D        | Reached XP level 5. HP: 37/37 MP: 9/11
   277 | D        | Learned a level 3 spell: Mephitic Cloud
   395 | D        | Reached * piety under Nemelex Xobeh
   406 | D        | Noticed a water moccasin
   427 | D        | Killed a water moccasin
   428 | D        | Reached skill level 5 in Fighting
   428 | D        | Reached skill level 5 in Spellcasting
   428 | D        | Reached XP level 6. HP: 44/46 MP: 0/14
   660 | D        | Reached skill level 6 in Fighting
   660 | D        | Reached skill level 5 in Invocations
   661 | D        | Reached skill level 7 in Fighting
   670 | D        | Reached skill level 5 in Dodging
  1075 | D        | Noticed a flying skull
  1083 | D        | Killed a flying skull
  1084 | D        | Reached skill level 8 in Fighting
  1084 | D        | Reached XP level 7. HP: 35/55 MP: 9/17
  1195 | D        | Noticed a redback
  1241 | D        | Killed a redback
  1266 | D        | HP: 2/56 [poisoned by a redback]
  1593 | D        | Reached skill level 9 in Fighting
  1593 | D        | Reached skill level 5 in Air Magic
  2121 | D        | Reached XP level 8. HP: 48/63 MP: 14/18
  2332 | D        | Noticed an orc knight
  2332 | D        | Noticed Maurice
  2360 | D        | Received a gift from Nemelex Xobeh
  2380 | D        | Killed Maurice
  2380 | D        | HP: 3/64 [orc warrior/+0 war axe[an orc knight] (14)]
  2381 | D        | Reached skill level 10 in Fighting
  2390 | D        | Mangled by an orc knight

Illustrated notes

Levels and vault maps discovered:
D:        pitsprint [storerooms_1, entrance_room_1, metal_vault_2, armoury_3,
          mini_pit_1, grid_room_1, main_hall_1, silver_pit, the_coven_2,
          the_vestibule_1, steel_vault_4, golden_pit, hallway_of_sentries,
          crystal_vault_3, iron_vault_2, final_vault]

Skill      XL: |  1  2  3  4  5  6  7  8 |
---------------+-------------------------+-----
Fighting       | 3 4 5 8 9 10 | 10.5
Stealth        | 5 |  5.0
Conjurations   | 2 4 |  4.0
Summonings     | 2 |  2.2
Fire Magic     | 1 2 |  2.0
Air Magic      | 2 4 5 |  5.0
Poison Magic   | 2 |  2.1
Dodging        | 4 5 6 7 |  7.3
Spellcasting   | 4 5 6 7 |  7.0
Translocations | 2 |  2.0
Invocations    | 1 4 6 7 8 |  8.8

Action                   |  1- 3 |  4- 6 |  7- 9 || total
-------------------------+-------+-------+-------++-------
Melee: Dagger            |     3 |       |       ||     3
       Tentacles         |     2 |     6 |     5 ||    13
       Constrict         |     1 |    10 |     6 ||    17
       Falchion          |       |    16 |       ||    16
       Long sword        |       |    11 |    12 ||    23
 Cast: Magic Dart        |       |    39 |    27 ||    66
       Conjure Flame     |       |     3 |    11 ||    14
       Mephitic Cloud    |       |     3 |     3 ||     6
       Blink             |       |       |     1 ||     1
Invok: Draw Destruction  |       |       |     3 ||     3
  Use: Potion            |       |     1 |     5 ||     6
       Scroll            |       |       |     1 ||     1
 Stab: Sleeping          |     1 |     4 |       ||     5
       Confused          |       |     1 |       ||     1
Dodge: Dodged            |       |    24 |    17 ||    41
       Rpst.: Falchion   |       |     5 |       ||     5
       Long sword        |       |     3 |     7 ||    10

Table legend: (Time is in decaauts)
 A = Elapsed time spent in this place.
 B = Non-inter-level travel time spent in this place.
 C = Inter-level travel time spent in this place.
 D = Time resting spent in this place.
 E = Time spent auto-exploring this place.
 F = Levels seen in this place.
 G = Mean time per level.
                   A        B        C        D        E       F      G
               +--------+--------+--------+--------+--------+-----+--------+
         Total |   2415 |   2394 |     21 |   1724 |      0 |   1 | 2415.0 |
       Dungeon |   2415 |   2394 |     21 |   1724 |      0 |   1 | 2415.0 |
               +--------+--------+--------+--------+--------+-----+--------+

Top non-repeatable levels by time:
       D: 2415 daAuts
